 Dungeon Crawl Stone Soup version 0.29-a0-1006-g0dd7720b37 (webtiles) character file.

Game seed: 2199100264891193323

496 Sobieck the Stinger (level 7, -25/53 (55) HPs)
             Began as a Naga Venom Mage on Aug 6, 2022.
             Annihilated by an ogre
             ... wielding a +0 giant club
              (27 damage)
             ... on level 4 of the Dungeon.
             The game lasted 00:09:29 (4162 turns).

Sobieck the Stinger (Naga Venom Mage)               Turns: 4162, Time: 00:09:30

HP:   -25/53 (55)   AC:  3    Str: 11    XL:     7   Next: 15%
MP:   2/12          EV:  9    Int: 17    God:
Gold: 170           SH:  0    Dex: 11    Spells: 6/13 levels left

rFire   . . .      SeeInvis +   a - +0 sling (venom)
rCold   . . .      Faith    .   (no shield)
rNeg    . . .      Spirit   .   t - +0 robe
rPois   +          Reflect  .   (no helmet)
rElec   .          Harm     .   (no cloak)
rCorr   .          Rampage  .   (no gloves)
Will    .....                   (no barding)
Stlth   ++........              (no amulet)
HPRegen 0.17/turn               (no ring)
MPRegen 0.13/turn               (no ring)

@: radiating poison, lightly drained, very slow
A: AC +2, large, see invisible, deformed body, poison resistance, slowness 2,
spit poison 1, naga tail 1
a: Spit Poison


You were on level 4 of the Dungeon.
You visited 1 branch of the dungeon, and saw 4 of its levels.

You collected 170 gold pieces.


Innate Abilities, Weirdness & Mutations

Your serpentine skin is tough. (AC +2)
You have supernaturally acute eyesight. (SInv)
Armour fits poorly on your strangely shaped body.
Your system is resistant to poisons. (rPois)
You cover ground very slowly.
You can spit poison.
You have a snake-like lower body.


   Skills:
 - Level 1.5 Dodging
 - Level 3.0 Stealth
 + Level 3.7 Spellcasting
 + Level 3.6 Transmutations
 * Level 7.9 Poison Magic


You had 6 spell levels left.
You knew the following spells:

 Your Spells              Type           Power      Damage    Failure   Level
a - Sting                 Tmut/Pois      88%        1d7       1%          1
b - Poisonous Vapours     Pois/Air       32%        N/A       4%          2
c - Olgreb's Toxic Radia  Pois           30%        N/A       6%          4

Your spell library contained the following spells:

 Spells                   Type           Power      Damage    Failure   Level
 Summon Small Mammal      Summ           12%        N/A       16%         1
 Mephitic Cloud           Conj/Pois/Air  12%        N/A       16%         3
 Call Canine Familiar     Summ           3%         N/A       43%         3
 Gell's Gravitas          Tloc           3%         N/A       43%         3
 Lesser Beckoning         Tloc           3%         N/A       43%         3
 Summon Guardian Golem    Hex/Summ       3%         N/A       43%         3
 Teleport Other           Tloc           3%         N/A       43%         3

Inventory:

Hand Weapons
 a - a +0 sling of venom (weapon)
   (You found it on level 2 of the Dungeon)
 f - a +0 short sword {short}
   (You took it off a kobold on level 1 of the Dungeon)
Missiles
 d - 24 stones {throwing}
 k - 2 throwing nets {=f!fthrowing}
 m - 6 javelins {throwing}
Armour
 c - a +0 leather armour
   (You took it off an orc on level 4 of the Dungeon)
 h - a +0 robe
   (You found it on level 1 of the Dungeon)
 j - a +0 leather armour
   (You took it off Eustachio on level 4 of the Dungeon)
 t - a +0 robe (worn)
 u - a +0 robe
   (You found it on level 3 of the Dungeon)
 y - a +0 ring mail of fire resistance
   (You found it on level 3 of the Dungeon)
Jewellery
 s - an amulet of faith {!P}
   (You found it on level 2 of the Dungeon)
 x - a ring of see invisible
   (You found it on level 3 of the Dungeon)
Wands
 l - a wand of roots (8)
   (You took it off Eustachio on level 4 of the Dungeon)
Scrolls
 g - 4 scrolls of teleportation {@r4}
Potions
 b - a potion of magic
 e - a potion of flight
 i - 2 potions of lignification {!q}
 n - 3 potions of attraction {!q}
 o - a potion of brilliance {unknown}

Dungeon Overview and Level Annotations

Branches:
Dungeon (4/15) Zot: 18908
 Temple: D:4-7

Altars:
Ru
Vehumet
Xom

Annotations:
D:3 exclusion: statue

#..............##
#...............#
#...............# ### *****
#...............### #.. ,,.,**
#.................###.. ,,..,**
#.........#........##.. ,,...,*
#..).....#..........#..
,,....#####......###.............
,,.............O@.............#..
,,.....#......##.###.............
,,....)...#.#.##.###..........#..
,,...###.........................
,,,,***#..##..#..................
,,,,,,....##++##.................
******#..##,,,,##.......<.....#..
*#.#*,,,,,,*#..........รท....
*..*,,,,,,,,#...............


You could see an ogre (extremely poisoned).


Message History

You destroy the necrophage!
You have reached level 7!
You see here a necrophage corpse.
You start resting.
You start waiting.
Done waiting.
Unknown command.
You see here a necrophage skeleton.
Found a stone staircase leading down.
Unknown command.
A hobgoblin comes into view.
Danger!
You shoot a sling bullet. The sling bullet hits the hobgoblin.
You kill the hobgoblin!
A giant cockroach comes into view.
You shoot a sling bullet.
The sling bullet hits the giant cockroach.
You kill the giant cockroach!
No target in view!
No target in view!
o - a murky dark potion Unknown command.
A giant cockroach comes into view.
Danger!
You shoot a sling bullet.
The sling bullet hits the giant cockroach but does no damage.
The giant cockroach is poisoned.
You kill the giant cockroach!
No target in view!
No target in view!
You see here a +0 mace {mace}.
An adder comes into view.
The adder hisses angrily.
Danger!
You shoot a sling bullet. The sling bullet hits the adder.
The adder is poisoned.
An orc comes into view. It is wielding a +0 mace.
You shoot a sling bullet.
The sling bullet barely misses the adder.
The orc shouts!
You hear a shout!
You shoot a sling bullet. The sling bullet misses the adder.
The sling bullet closely misses the orc.
The adder bites you. The adder barely misses you.
An ogre comes into view. It is wielding a +0 giant club.
Casting: Poisonous Vapours (safe; 4% risk of failure)
Confirm with . or Enter, or press ? or * to list all spells.
You begin to radiate toxic energy.
The ogre is poisoned.
The orc is poisoned.
The adder looks even sicker.
The ogre looks even sicker.
The adder bites you. The adder bites you but does no damage.
Unknown command.
You kill the adder!
Your toxic aura wanes.
You kill the orc!
Casting: Olgreb's Toxic Radiance (dangerous; 6% risk of failure)
Confirm with . or Enter, or press ? or * to list all spells.
Aiming: Poisonous Vapours (safe; 4% risk of failure)
Press: ? - help, Dir - move target, f - ogre
Aim: an ogre, wielding a +0 giant club (lightly wounded, poisoned) Poisonous vapours surround the ogre!
The ogre looks even sicker.
Casting: Poisonous Vapours (safe; 4% risk of failure)
Confirm with . or Enter, or press ? or * to list all spells.
Aiming: Poisonous Vapours (safe; 4% risk of failure)
Press: ? - help, Dir - move target, f/p - ogre
Aim: an ogre, wielding a +0 giant club (moderately wounded, very poisoned) Poisonous vapours surround the ogre!
The ogre looks even sicker.
You shoot a sling bullet.
The sling bullet barely misses the ogre.
The ogre hits you with a +0 giant club!!
Unknown command.
Fire: a) +0 sling (venom)
Press: ? - help, Q - select action, (/) - cycle Shift-Dir - straight line, f/p - ogre
Aim: an ogre, wielding a +0 giant club (moderately wounded, very poisoned, 69% to hit)
You shoot a sling bullet.
The sling bullet closely misses the ogre.
The ogre barely misses you.
Fire: a) +0 sling (venom)
Press: ? - help, Q - select action, (/) - cycle Shift-Dir - straight line, f/p - ogre
Aim: an ogre, wielding a +0 giant club (moderately wounded, very poisoned, 69% to hit)
You shoot a sling bullet. The sling bullet hits the ogre.
The ogre looks as sick as possible!
The ogre hits you with a +0 giant club!!
Ouch! That really hurt!
* * * LOW HITPOINT WARNING * * *
Casting: Poisonous Vapours (safe; 4% risk of failure)
Confirm with . or Enter, or press ? or * to list all spells.
Okay, then.
Unknown command.
Okay, then.
Unknown command.
Casting: Poisonous Vapours (safe; 4% risk of failure)
Confirm with . or Enter, or press ? or * to list all spells.
You begin to radiate toxic energy.
The ogre looks as sick as possible! x2
The ogre hits you with a +0 giant club.
* * * LOW HITPOINT WARNING * * *
Unknown command.
Unknown command.
The ogre attacks as you move away!
The ogre hits you with a +0 giant club!!
Ouch! That really hurt!
You die...

Skill      XL: |  1  2  3  4  5  6 |
---------------+-------------------+-----
Poison Magic   | 5 6 7 |  7.9
Transmutations | 2 3 |  3.6
Spellcasting   | 3 |  3.7
Dodging        | |  1.5
Stealth        | |  3.0

Action                   |  1- 3 |  4- 6 |  7- 9 || total
-------------------------+-------+-------+-------++-------
Melee: Short sword       |    11 |       |       ||    11
 Fire: Sling             |    42 |    28 |     9 ||    79
 Cast: Sting             |    27 |     5 |       ||    32
       Olgreb's Toxic Ra |       |     6 |     2 ||     8
       Poisonous Vapours |       |     5 |     2 ||     7
 Abil: Spit Poison       |    26 |     6 |       ||    32
  Use: Scroll            |       |    12 |       ||    12
       Potion            |       |     3 |       ||     3
Armor: Robe              |     6 |     9 |     1 ||    16
Dodge: Dodged            |    21 |    33 |     2 ||    56

Levels and vault maps discovered:
D:1:      eino_arrival_cavern_e, layout_loops_ring,
          shapermc_ecumenical_altar_acropolis, minmay_misc_feat_five
D:2:      layout_basic, basic_altar, minivault_23, chequers_mini_garden
D:3:      layout_basic, nicolae_ru_sacrificial_ziggurat, vehumet_statue,
          serial_glass, glass_columns_a, glass_columns_c,
          minmay_strange_pillars, item_on_display_a, due_unseen_surprise,
          minmay_strange_pillars, minmay_misc_feat_columns, grunt_ministairs_10
D:4:      minmay_polygon_palace, layout_rooms, minmay_misc_feat_roman,
          uniq_robin, uniq_eustachio

Notes
Turn   | Place    | Note
-------+----------+-------------------------------------------
     0 | D:1      | Sobieck the Naga Venom Mage began the quest for the Orb.
     0 | D:1      | Reached XP level 1. HP: 15/15 MP: 3/3
    11 | D:1      | You pick up a book of Displacement and begin reading...
    11 | D:1      | You add the spells Lesser Beckoning, Gell's Gravitas and
                  | Teleport Other to your library.
   102 | D:1      | You pick up a book of Callings and begin reading...
   102 | D:1      | You add the spells Summon Small Mammal, Call Canine
                  | Familiar and Summon Guardian Golem to your library.
   312 | D:1      | Found a faded altar of an unknown god.
   499 | D:1      | Reached XP level 2. HP: 22/22 MP: 5/5
   802 | D:2      | You fall into a shaft and drop 1 floor!
   871 | D:2      | HP: 4/22 [adder (3)]
   874 | D:2      | HP: 1/22 [bat (1)]
  1078 | D:2      | Learned a level 2 spell: Poisonous Vapours
  1227 | D:2      | Reached XP level 3. HP: 17/28 MP: 1/6
  1460 | D:2      | Found a shimmering altar of Xom.
  1542 | D:2      | Reached skill level 5 in Poison Magic
  2037 | D:3      | Found a sacrificial altar of Ru.
  2406 | D:3      | Found a radiant altar of Vehumet.
  2406 | D:3      | Noticed a charred statue
  2974 | D:4      | Reached skill level 2 in Transmutations
  2974 | D:4      | Reached XP level 4. HP: 36/36 MP: 4/7
  2994 | D:4      | Learned a level 4 spell: Olgreb's Toxic Radiance
  3128 | D:4      | Noticed a scorpion
  3187 | D:4      | Reached XP level 5. HP: 34/42 MP: 4/9
  3240 | D:4      | Reached skill level 6 in Poison Magic
  3260 | D:4      | Reached skill level 3 in Spellcasting
  3318 | D:4      | Noticed Eustachio
  3331 | D:4      | HP: 10/42 [Eustachio/+0 falchion (7)]
  3333 | D:4      | HP: 2/42 [crimson imp[Eustachio] (4)]
  3465 | D:4      | Reached skill level 3 in Transmutations
  3465 | D:4      | Reached XP level 6. HP: 24/49 MP: 1/10
  3649 | D:4      | Killed Eustachio
  3650 | D:4      | Reached skill level 7 in Poison Magic
  3783 | D:4      | HP: 10/41 [necrophage (2)]
  3785 | D:4      | Reached XP level 7. HP: 12/52 MP: 12/12
  4160 | D:4      | HP: 7/53 [ogre/+0 giant club (27)]
  4161 | D:4      | HP: 2/53 [ogre/+0 giant club (5)]
  4162 | D:4      | Annihilated by an ogre

Vanquished Creatures
  Eustachio (D:4)
  A necrophage (D:4)
  2 scorpions (D:4)
  A jelly (D:4)
  A hound (D:3)
  An iguana (D:4)
  3 adders
  2 orcs (D:4)
  5 ball pythons
  3 bats
  6 endoplasms
  3 giant cockroaches
  3 goblins
  8 hobgoblins
  2 jackals (D:3)
  2 quokkas (D:3)
  4 kobolds
  5 rats
53 creatures vanquished.

Vanquished Creatures (collateral kills)
  A ball python (D:4)
1 creature vanquished.

Grand Total: 54 creatures vanquished

Table legend:
 A = Non-vault XP
 B = Vault XP
 C = Vault XP percentage of total XP
 D = Non-vault monster count
 E = Vault monster count
 F = Vault count percentage of total count
                 A         B        C        D         E       F
            +---------+---------+-------+---------+---------+-------
      Total |     491 |     218 |  30.7 |      51 |       3 |   5.6
            +---------+---------+-------+---------+---------+-------
        D:1 |      12 |       0 |   0.0 |       8 |       0 |   0.0
        D:2 |      38 |       0 |   0.0 |      10 |       0 |   0.0
        D:3 |      67 |       4 |   5.6 |      15 |       2 |  11.8
        D:4 |     374 |     214 |  36.4 |      18 |       1 |   5.3
            +---------+---------+-------+---------+---------+-------

Illustrated notes

Table legend:
 A = Kills in this place as a percentage of kills in entire the game.
 B = Kills by you in this place as a percentage of kills by you in the entire game.
 C = Kills by friends in this place as a percentage of kills by friends in the entire game.
 D = Other kills in this place as a percentage of other kills in the entire game.
 E = Experience gained in this place as a percentage of experience gained in the entire game.
 F = Experience gained in this place divided by the number of levels of this place that you have seen.
                   A       B       C       D       E      F
               +-------+-------+-------+-------+-------+----------------------
         Total | 100.0 | 100.0 | 100.0 |   N/A | 100.0 | 177.2
       Dungeon | 100.0 | 100.0 | 100.0 |   N/A | 100.0 | 177.2
               +-------+-------+-------+-------+-------+----------------------

Table legend: (Time is in decaauts)
 A = Elapsed time spent in this place.
 B = Non-inter-level travel time spent in this place.
 C = Inter-level travel time spent in this place.
 D = Time resting spent in this place.
 E = Time spent auto-exploring this place.
 F = Levels seen in this place.
 G = Mean time per level.
                   A        B        C        D        E       F      G
               +--------+--------+--------+--------+--------+-----+--------+
         Total |   5091 |   4937 |    154 |   1175 |   3184 |   4 | 1272.8 |
       Dungeon |   5091 |   4937 |    154 |   1175 |   3184 |   4 | 1272.8 |
               +--------+--------+--------+--------+--------+-----+--------+

Top non-repeatable levels by time:
     D:3: 1552 daAuts
     D:2: 1278 daAuts
     D:4: 1238 daAuts
     D:1: 1022 daAuts
